 Dungeon Sprint DCSS version 0.26-a0-683-g5206c1d7ac (webtiles) character file.

Game seed: 6457154592354652384

1887 rocky1 the Spear-Bearer (level 9, -11/72 (73) HPs)
             Began as a Merfolk Fighter on Oct 23, 2020.
             Was an Elder of Cheibriados.
             Mangled by a redback (12 damage)
             ... while paralysed by Erolcha
             ... in the Dungeon (Sprint III: "The Ten Rune Challenge").
             The game lasted 00:06:17 (1763 turns).

rocky1 the Spear-Bearer (Merfolk Fighter)           Turns: 1763, Time: 00:06:19

HP:   -11/72 (73)   AC:  7    Str: 29    XL:     9   Next: 14%
MP:   14/14         EV:  2    Int: 17    God:    Cheibriados [****..]
Gold: 17            SH:  0    Dex: 24    Spells: 8/8 levels left

rFire    . . .     SeeInvis .   a - +0 trident
rCold    . . .     Faith    .   c - +0 kite shield
rNeg     . . .     Spirit   .   b - +0 scale mail
rPois    .         Reflect  .   (no helmet)
rElec    .         Harm     .   (no cloak)
rCorr    .         Rampage  .   (no gloves)
MR       .....     NoTele   +   (no boots)
Stlth    +.........             (no amulet)
HPRegen  0.22/turn              (no ring)
MPRegen  0.14/turn              (no ring)

@: paralysed, lethally poisoned (-11 -> -34), very slow
A: change form in water, swift swim, stealthy swim
a: Bend Time, Temporal Distortion, Slouch, Renounce Religion


You were in the Dungeon.
You worshipped Cheibriados.
Cheibriados was greatly pleased with you.
You visited 1 branch You collected 17 gold pieces.

Inventory:

Hand Weapons
 a - a +0 trident (weapon)
 q - a +1 long sword of holy wrath
Armour
 b - a +0 scale mail (worn)
 c - a +0 kite shield (worn)
Wands
 f - a wand of flame (17)
Scrolls
 e - a scroll of holy word {unknown}
 g - 5 scrolls of remove curse
 j - a scroll of blinking
 k - a scroll of immolation {unknown}
 m - a scroll of torment {unknown}
 n - a scroll of identify {unknown}
Potions
 d - a potion of might
 h - 2 potions of magic
 i - a potion of curing
 l - a potion of haste
 o - a potion of flight {unknown}
 p - 6 potions of mutation


   Skills:
 + Level 7.7 Fighting
 - Level 14.1 Polearms
 + Level 5.3 Armour
 + Level 8.2 Dodging
 + Level 12.1 Shields
 + Level 6.8 Invocations


You had 8 spell levels left.
You didn't know any spells.
Your spell library contained the following spells:

 Spells                   Type           Power        Failure   Level
 Foxfire                  Conj/Fire      #...         56%         1
 Animate Dead             Necr           #.........   100%        4
 Cause Fear               Hex            #.........   100%        4
 Borgnjor's Vile Clutch   Necr/Erth      #.........   100%        5
 Death Channel            Necr           #.........   100%        6
 Simulacrum               Ice/Necr       #.........   100%        6
 Dragon Form              Tmut           #.........   100%        7
 Dragon's Call            Summ           #.........   100%        9


Dungeon Overview and Level Annotations

Branches:
Dungeon (1/1)

Altars:
Cheibriados
Dithmenos
Elyvilon
Fedhas
Gozag
Hepliaklqana
Kikubaaqudgha
Makhleb
Nemelex Xobeh
Okawaru
Qazlal
Ru
Sif Muna
Trog
Uskayaw
Vehumet
Wu Jian
Xom
Yredelemnul
Zin
The Shining One
Beogh
Jiyva
Lugonu

Annotations:
D Erolcha


Message History

You suddenly lose the ability to move!
Erolcha casts a spell.
Erolcha blinks!
The redback bites you! x2
You are poisoned.
The redback poisons you!
You feel sick.
The redback bites you but does no damage.
The redback bites you!
* * * LOW HITPOINT WARNING * * *
* * * LOW HITPOINT WARNING * * *
You feel sick.
The redback bites you but does no damage.
* * * LOW HITPOINT WARNING * * *
You feel sick. The redback bites you!
* * * LOW HITPOINT WARNING * * *
Erolcha roars.
Erolcha casts a spell.
Erolcha blinks!
The redback bites you!
You die...

### __# ._# [##
..# ..# #'#
..#+##############
..#....#.#.#...)@#
..##.#..#.##.###s#
..'##.#.#.##)#.§##
..#.).#..#..##..
▓▓▓▓▓▓▓▓▓▓▓▓▓▓▓▓


You could see a redback.

Vanquished Creatures
  A deep elf mage (D)
  A shadow (D)
  A spatial vortex (D)
  A necrophage (D)
  5 two-headed ogres (D)
  A water elemental (D)
  A scorpion (D)
  A jelly (D)
  A wizard (D)
  A necromancer (D)
  3 humans (D)
  A kobold demonologist (D)
  An ooze (D)
  3 rats (D)
22 creatures vanquished.

Notes
Turn   | Place    | Note
-------+----------+-------------------------------------------
     0 | D        | rocky1 the Merfolk Fighter began the quest for the Orb.
     0 | D        | Reached XP level 1. HP: 18/18 MP: 1/1
     5 | D        | Reached skill level 4 in Polearms
    60 | D        | Reached skill level 6 in Polearms
    60 | D        | Reached skill level 5 in Shields
    60 | D        | Reached XP level 2. HP: 8/24 MP: 2/2
    60 | D        | Reached XP level 3. HP: 10/29 MP: 3/3
    61 | D        | Noticed a scorpion
    77 | D        | Killed a scorpion
    77 | D        | Reached skill level 8 in Polearms
    77 | D        | Reached XP level 4. HP: 13/35 MP: 4/4
   300 | D        | Noticed a water elemental
   310 | D        | Killed a water elemental
   310 | D        | Reached skill level 10 in Polearms
   310 | D        | Reached XP level 5. HP: 41/41 MP: 5/5
   433 | D        | Noticed a shadow
   453 | D        | Killed a shadow
   453 | D        | Reached skill level 13 in Polearms
   453 | D        | Reached XP level 6. HP: 6/47 MP: 6/6
   729 | D        | Found a blossoming altar of Fedhas.
   729 | D        | Found a stormy altar of Qazlal.
   729 | D        | Found a snail-covered altar of Cheibriados.
   729 | D        | Found a burning altar of Makhleb.
   729 | D        | Found a shimmering altar of Xom.
   729 | D        | Noticed a spatial vortex
   730 | D        | Found a hazy altar of Hepliaklqana.
   730 | D        | Found an opulent altar of Gozag.
   730 | D        | Found a sparkling altar of Nemelex Xobeh.
   730 | D        | Found a corrupted altar of Lugonu.
   730 | D        | Found a viscous altar of Jiyva.
   734 | D        | Became a worshipper of Cheibriados the Contemplative
   744 | D        | Killed a spatial vortex
   744 | D        | Reached skill level 14 in Polearms
   744 | D        | Reached skill level 10 in Shields
   744 | D        | Reached XP level 7. HP: 43/52 MP: 7/7
   797 | D        | Found a basalt altar of Yredelemnul.
   797 | D        | Found a shadowy altar of Dithmenos.
   797 | D        | Found a sacrificial altar of Ru.
   807 | D        | Reached * piety under Cheibriados
   807 | D        | Reached skill level 1 in Invocations
   832 | D        | Found a hide-covered altar of Uskayaw.
   832 | D        | Found a roughly hewn altar of Beogh.
   832 | D        | Found an iron altar of Okawaru.
   832 | D        | Found a bloodstained altar of Trog.
   832 | D        | Found an ornate altar of the Wu Jian Council.
   832 | D        | Noticed a human
   832 | D        | Noticed a human
   862 | D        | Killed a human
   862 | D        | Reached ** piety under Cheibriados
   865 | D        | HP: 2/54 [human (8)]
   869 | D        | Killed a human
   869 | D        | Reached skill level 5 in Fighting
  1170 | D        | Found a radiant altar of Vehumet.
  1170 | D        | Found a shimmering blue altar of Sif Muna.
  1170 | D        | Found an ancient bone altar of Kikubaaqudgha.
  1178 | D        | Reached skill level 5 in Dodging
  1187 | D        | Reached *** piety under Cheibriados
  1187 | D        | Reached XP level 8. HP: 58/62 MP: 11/11
  1204 | D        | Found a glowing silver altar of Zin.
  1205 | D        | Found a glowing golden altar of the Shining One.
  1205 | D        | Found a white marble altar of Elyvilon.
  1205 | D        | Noticed a deep elf mage
  1210 | D        | Killed a deep elf mage
  1210 | D        | Reached skill level 5 in Invocations
  1274 | D        | Reached **** piety under Cheibriados
  1564 | D        | Noticed a two-headed ogre
  1580 | D        | Killed a two-headed ogre
  1580 | D        | Reached skill level 5 in Armour
  1580 | D        | Reached XP level 9. HP: 38/71 MP: 13/13
  1741 | D        | Noticed a two-headed ogre
  1741 | D        | Noticed Erolcha
  1757 | D        | Killed a two-headed ogre
  1757 | D        | Paralysed by Erolcha for 7 turns
  1763 | D        | HP: 1/72 [redback (14)]
  1763 | D        | Mangled by a redback

Illustrated notes

Levels and vault maps discovered:
D:        dungeon_sprint_mu [sprint_mu_entry_forest, sprint_mu_temple_rooms,
          sprint_mu_d1_spiders, sprint_mu_d2_genie, sprint_mu_d3_branching,
          sprint_mu_orc_legion, sprint_mu_elf_gauntlet, sprint_mu_hive_nellie,
          sprint_mu_lair_fedhas, sprint_mu_vaults_butterflies,
          sprint_mu_slime_circle, sprint_mu_shoals_kraken,
          sprint_mu_snake_twists, sprint_mu_blade_basic, sprint_mu_crypt_lich,
          sprint_mu_tomb_spiral, sprint_mu_vestibule_basic,
          sprint_mu_gehenna_hellfire, sprint_mu_dis_giant,
          sprint_mu_tartarus_statrot, sprint_mu_cocytus_islands, sprint_mu_zot1]

Skill      XL: |  1  2  3  4  5  6  7  8  9 |
---------------+----------------------------+-----
Polearms       | 6 8 10 13 14 | 14.1
Shields        | 5 6 7 9 10 11 12 | 12.1
Dodging        | 5 7 8 |  8.2
Invocations    | 4 6 |  6.8
Fighting       | 5 7 |  7.7
Armour         | 3 5 |  5.3

Action                   |  1- 3 |  4- 6 |  7- 9 || total
-------------------------+-------+-------+-------++-------
Melee: Trident           |    37 |    40 |   119 ||   196
       Tailslap          |     2 |       |     6 ||     8
  Use: Potion            |     2 |     2 |       ||     4
Armor: Scale mail        |     7 |     6 |     9 ||    22
Dodge: Dodged            |     4 |     2 |    25 ||    31
Block: Kite shield       |    10 |     6 |    49 ||    65

Table legend: (Time is in decaauts)
 A = Elapsed time spent in this place.
 B = Non-inter-level travel time spent in this place.
 C = Inter-level travel time spent in this place.
 D = Time resting spent in this place.
 E = Time spent auto-exploring this place.
 F = Levels seen in this place.
 G = Mean time per level.
                   A        B        C        D        E       F      G
               +--------+--------+--------+--------+--------+-----+--------+
         Total |   1759 |   1759 |      0 |   1296 |      0 |   1 | 1759.0 |
       Dungeon |   1759 |   1759 |      0 |   1296 |      0 |   1 | 1759.0 |
               +--------+--------+--------+--------+--------+-----+--------+

Top non-repeatable levels by time:
       D: 1759 daAuts
